 Dungeon Crawl Stone Soup version 0.22-b1-21-g5cfc1688f2 (webtiles) character file.

472 IceCat the Grave Robber (level 6, -1/41 HPs)
             Began as a Demonspawn Necromancer on Aug 7, 2018.
             Slain by Duvessa
             ... wielding a +0 short sword
              (4 damage)
             ... on level 3 of the Dungeon.
             The game lasted 00:35:46 (5378 turns).

IceCat the Grave Robber (Demonspawn Necromancer)    Turns: 5378, Time: 00:35:46

Health: -1/41      AC: 10    Str:  9    XL:     6   Next: 83%
Magic:  7/12       EV: 10    Int: 18    God:
Gold:   83         SH:  0    Dex: 13    Spells: 5/14 levels left

rFire    . . .     SeeInvis +   y - +2 dagger (speed)
rCold    . . .     Gourm    .   (no shield)
rNeg     . . .     Faith    .   f - +0 ring mail
rPois    .         Spirit   .   h - +0 helmet
rElec    .         Reflect  .   g - +0 cloak
rCorr    .         Harm     .   (no gloves)
MR       .....                  w - +0 pair of boots
Stlth    ++........             (no amulet)
HPRegen  0.13/turn              e - ring of wizardry
MPRegen  0.13/turn              r - ring of see invisible

@: glowing
A: iridescent scales 1, nightstalker 2
a: no special abilities


You were on level 3 of the Dungeon.
You were not hungry.

You visited 1 branch of the dungeon, and saw 4 of its levels.

You collected 83 gold pieces.

Inventory:

Hand Weapons
 y - a +2 dagger of speed (weapon)
Armour
 a - a +0 robe
 f - a +0 ring mail (worn)
 g - a +0 cloak (worn)
 h - a +0 helmet (worn)
 n - +0 ice dragon scales
 s - +0 fire dragon scales
 u - a +0 scale mail of magic resistance
 w - a +0 pair of boots (worn)
Jewellery
 e - a ring of wizardry (left hand)
 r - a ring of see invisible (right hand)
Wands
 m - a wand of random effects (24)
Scrolls
 l - 2 scrolls of amnesia
 p - 5 scrolls of teleportation
 t - a scroll of magic mapping
 z - a scroll of identify
 A - a scroll of fear {unknown}
Potions
 d - a potion of brilliance
 i - a potion of flight {unknown}
 j - a potion of haste {unknown}
 k - 5 potions of curing {unknown}
 o - a potion of might {unknown}
 q - a potion of agility {unknown}
 v - 2 potions of resistance {unknown}
 x - a potion of heal wounds {unknown}
Comestibles
 b - a chunk of flesh
 c - 6 rations


   Skills:
 + Level 0.1 Fighting
 + Level 1.4 Armour
 + Level 1.8 Dodging
 + Level 2.1 Stealth
 + Level 4.5 Spellcasting
 + Level 7.0 Necromancy


You had 5 spell levels left.
You knew the following spells:

 Your Spells              Type           Power        Failure   Level  Hunger
a - Pain                  Necr           ####         1%          1    None
b - Animate Skeleton      Necr           N/A          1%          1    None
c - Animate Dead          Necr           N/A          9%          4    ####...
d - Vampiric Draining     Necr           ####......   2%          3    ###....

Your spell library contained the following spells:

 Spells                   Type           Power        Failure   Level  Hunger
 Regeneration             Chrm/Necr      ###.......   11%         3    ###....


Dungeon Overview and Level Annotations

Branches:
Dungeon (4/15)
 Temple: D:4-7

Altars:
Ashenzari
Dithmenos
Fedhas

Annotations:
D:3 Duvessa
D:4 Eustachio, Menkaure


Innate Abilities, Weirdness & Mutations

You are partially covered in iridescent scales. (AC +2)
You are significantly more attuned to the shadows.


Message History

Aim: Dowan, wielding a dagger and wearing a robe (severely wounded, chance to defeat MR: 84%) Dowan writhes in agony!
You kill Dowan!
Duvessa weeps, then rights herself and shakes her weapon.
Duvessa goes berserk!
Duvessa hits you but does no damage. Duvessa barely misses you.
Duvessa hits you with a short sword!
You climb upwards.
There is a stone staircase leading down here.
Duvessa hits you with a short sword!
* * * LOW HITPOINT WARNING * * *
Duvessa barely misses you. Duvessa barely misses you.
Duvessa hits you with a short sword.
* * * LOW HITPOINT WARNING * * *
Duvessa hits you but does no damage.
You see here a club.
Duvessa hits you but does no damage. Duvessa hits you with a short sword.
You die...

....##...>...#(###.# #.....)##.#
###.##...).........#########.##.#
# #.##.......#.#.#.#.....[>[.)#.#
# #.##[......#.#.#.#.###.###.#..#
# #.##......(#.#.#.#.###.# #.#.##
# #.##.......#.#.#.#...w.# #.#.#
# #.##########)#.#.#.##### #.#)##
# #.# #.#.#.#.# #.#).. ###.#
#.e@[...# #.####
..#.############...#.#######.....
..#...........#####.......##.....
..#.......................)......
..#...........#####.......##((...
..#.########### ##......##.....
..#.# ######.#...... ..#.#
#.....#...... ..#.# #.#####......


You could see Duvessa (berserk).

Vanquished Creatures
  Dowan (D:4)
  3 orc priests
  4 orc wizards
  A worker ant (D:4)
  Robin (D:3)
  2 adders
  An ooze (D:3)
  2 worms (D:3)
  4 leopard geckos
  18 orcs
  4 giant cockroaches
  12 goblins
  9 hobgoblins
  5 jackals
  A quokka (D:4)
  2 ball pythons (D:1)
  6 bats
  6 frilled lizards
  10 kobolds
  8 rats
100 creatures vanquished.

Vanquished Creatures (collateral kills)
  2 orc wizards (D:4)
  2 leopard geckos
  2 orcs (D:3)
  2 goblins (D:1)
  2 jackals (D:2)
  A kobold (D:3)
  2 bats (D:2)
  A frilled lizard (D:1)
14 creatures vanquished.

Grand Total: 114 creatures vanquished

Notes
Turn   | Place    | Note
-------+----------+-------------------------------------------
     0 | D:1      | IceCat the Demonspawn Necromancer began the quest for the Orb.
     0 | D:1      | Reached XP level 1. HP: 13/13 MP: 3/3
   157 | D:1      | Found a shattered altar of Ashenzari.
   441 | D:1      | Gained mutation: You are slightly more attuned to the shadows. [demonic ancestry]
   441 | D:1      | Reached XP level 2. HP: 15/19 MP: 0/5
   586 | D:1      | Learned a level 1 spell: Animate Skeleton
   619 | D:1      | Reached skill level 5 in Necromancy
  1432 | D:1      | Reached XP level 3. HP: 20/24 MP: 0/6
  2126 | D:2      | Found a blossoming altar of Fedhas.
  2662 | D:3      | Gained mutation: You are significantly more attuned to the shadows. [demonic ancestry]
  2662 | D:3      | Reached XP level 4. HP: 30/30 MP: 5/7
  2896 | D:3      | Learned a level 4 spell: Animate Dead
  2899 | D:3      | Noticed Robin
  3058 | D:3      | Killed Robin
  3224 | D:3      | Gained mutation: You are partially covered in iridescent scales. (AC +2) [demonic ancestry]
  3224 | D:3      | Reached XP level 5. HP: 23/35 MP: 3/9
  3375 | D:3      | Found a shadowy altar of Dithmenos.
  3493 | D:3      | Reached skill level 6 in Necromancy
  3721 | D:3      | Reached skill level 1 in Armour
  4308 | D:4      | Reached XP level 6. HP: 34/41 MP: 4/11
  4491 | D:4      | Noticed Eustachio
  4849 | D:4      | Reached skill level 7 in Necromancy
  4881 | D:4      | Learned a level 3 spell: Vampiric Draining
  4919 | D:4      | Noticed Menkaure
  5260 | D:4      | Noticed Duvessa
  5262 | D:4      | Noticed Dowan
  5364 | D:4      | Killed Dowan
  5372 | D:3      | HP: 2/41 [Duvessa/short sword (6)]
  5378 | D:3      | Slain by Duvessa

Skill      XL: |  1  2  3  4  5  6 |
---------------+-------------------+-----
Necromancy     | 5 6 7 |  7.0
Stealth        | 2 |  2.1
Spellcasting   | 3 4 |  4.5
Armour         | 1 |  1.4
Fighting       | |  0.1
Dodging        | |  1.8

Action                   |  1- 3 |  4- 6 || total
-------------------------+-------+-------++-------
Melee: Unarmed           |     6 |       ||     6
       Dagger            |    12 |     8 ||    20
 Cast: Pain              |    76 |   132 ||   208
       Animate Skeleton  |     7 |    15 ||    22
       Animate Dead      |       |     2 ||     2
       Vampiric Draining |       |     2 ||     2
  Use: Scroll            |     4 |     4 ||     8
 Stab: Sleeping          |     1 |       ||     1
  Eat: Chunk             |     6 |     9 ||    15
Armor: Ring mail         |    20 |    28 ||    48
Dodge: Dodged            |    24 |    48 ||    72
